[Event "*** Titled Tuesday Blitz"]
[Site "Chess.com"]
[Date "2020.10.20"]
[Round "11"]
[White "eljanov"]
[Black "Jospem"]
[Result "1-0"]
[WhiteElo "2906"]
[BlackElo "2958"]
[TimeControl "180+1"]
[EndTime "12:09:18 PDT"]
[Termination "eljanov won on time"]

1. e4 c5 2. Nf3 d6 3. d4 cxd4 4. Nxd4 Nf6 5. Nc3 a6 6. Be2 e5 7. Nb3 Be7 8. Be3 Be6 9. Nd5 Bxd5 10. exd5 Nbd7 11. c4 a5 12. Nd2 O-O 13. O-O Ne8 14. Ne4 f5 15. Nc3 Bg5 16. Qc1 Bxe3 17. Qxe3 Nef6 18. f3 Kh8 19. b3 Nc5 20. Rab1 f4 21. Qf2 g5 22. a3 g4 23. b4 axb4 24. axb4 gxf3 25. gxf3 Na4 26. Nb5 Nh5 27. Kh1 Rg8 28. Ra1 Ng3+ 29. hxg3 fxg3 30. Qg2 Qh4+ 31. Kg1 Nc3 32. Rxa8 Rxa8 33. f4 Nxe2+ 34. Qxe2 g2 35.
Qxg2 Rg8 36. Nxd6 Rxg2+ 37. Kxg2 Qg4+ 38. Kf2 Qxf4+ 39. Ke2 Qg4+ 40. Ke3 Qg5+ 41. Ke2 Qh5+ 42. Rf3 Qh2+ 43. Ke3 Qg1+ 44. Ke4 Qg6+ 45. Kxe5 Qg5+ 46. Rf5 Qe3+ 47. Ne4 Qh6 48. d6 Qg7+ 49. Kd5 Qg8+ 50. Ke5 Qe8+ 51. Kd4 Kg7 52. Rd5 Qd7 53. Kc5 Qc6+ 54.
Kd4 Qd7 55. Rc5 Kg6 56. Rc7 Qd8 57. Rxb7 h5 58. d7 h4 59. Nc5 Qf6+ 60. Kd5 Qf3+ 61. Kd6 Qf4+ 62. Kc6 Qf3+ 63. Kc7 Qf4+ 64. Kc8 Qf5 65.
Rb6+ Kf7 66. Re6 1-0

[Event "*** Titled Tuesday Blitz"]
[Site "Chess.com"]
[Date "2020.10.20"]
[Round "11"]
[White "vinniethepooh"]
[Black "dpopadic"]
[Result "1-0"]
[WhiteElo "2561"]
[BlackElo "2406"]
[TimeControl "180+1"]
[EndTime "12:09:18 PDT"]
[Termination "vinniethepooh won by resignation"]

1. d4 Nf6 2. c4 g6 3. Nc3 Bg7 4. e4 d6 5. Be2 O-O 6. Nf3 e5 7.
O-O Na6 8. Be3 Ng4 9. Bg5 Qe8 10. dxe5 dxe5 11. h3 f6 12. Bd2 Nh6 13. Be3 c6 14.
c5 Nc7 15. Qb3+ Nf7 16. Rad1 Rb8 17. Nd2 Be6 18. Bc4 Qe7 19. Qa3 a6 20. Bxe6 Nxe6 21. Nc4 Rfd8 22. Nd6 Bf8 23. Nxf7 Kxf7 24. Na4 Qc7 25.
Qb3 Qe7 26. Rd6 Qe8 27. Rxd8 Qxd8 28. Rd1 Qe7 29. g3 Kg7 30. Rd6 Kf7 31. Kg2 Qe8 32. Rd3 Kg7 33. h4 h5 34. Qb4 b5 35. Nc3 Rd8 36.
Rxd8 Qxd8 37. Ne2 a5 38. Qc3 a4 39. b4 axb3 40. axb3 Qd1 41. Nc1 Nd4 42. Qd3 Qf3+ 43. Kh2 Bxc5 44. b4 Bb6 45. Bxd4 Bxd4 46. Qxf3 c5 47. Nd3 cxb4 48. Qe2 b3 49. Nb2 b4 50. Nc4 Bc3 51. Qd1 b2 52. Qb3 b1=Q 53. Qxb1 1-0

[Event "*** Titled Tuesday Blitz"]
[Site "Chess.com"]
[Date "2020.10.20"]
[Round "11"]
[White "Khnykin_Nikolay"]
[Black "VladimirBugayev"]
[Result "0-1"]
[WhiteElo "2058"]
[BlackElo "2294"]
[TimeControl "180+1"]
[EndTime "12:09:19 PDT"]
[Termination "VladimirBugayev won by checkmate"]

1. e4 c6 2. d4 d5 3. Bd3 dxe4 4.
Bxe4 Nf6 5. Bf3 Bf5 6. Ne2 e6 7. O-O Bd6 8. Nbc3 O-O 9. Bg5 Qc7 10.
Bxf6 gxf6 11. Ng3 Bg6 12. Bh5 Nd7 13. Qg4 Rae8 14. Nce4 f5 15. Qg5 fxe4 16. Nxe4 Bf4 17. Qg4 f5 18. Qh3 fxe4 19. Bxg6 hxg6 20. Qg4 Kg7 21.
h4 Rh8 22. g3 Nf6 23. Qh3 Bd6 24. f4 exf3 25. Rxf3 Ne4 26. Qg4 Rhf8 27. Qxe4 Bxg3 28. Raf1 Bh2+ 29. Kh1 Bd6 30. h5 Rf5 31. Rxf5 gxf5 32. Rg1+ Kh7 33. Qg2 Qf7 34. Qg5 Rg8 35. Qxg8+ Qxg8 36. Rxg8 Kxg8 37. Kg2 Kh7 38. Kh3 Kh6 39. Kh4 Be7+ 40.
Kg3 Kxh5 41. Kf4 Bd6+ 42. Kf3 Kg5 43. c4 b6 44. a3 a5 45. a4 Bc7 46. b3 Bd6 47. Ke3 Kg4 48. Kf2 Kf4 49. Ke2 Ke4 50. c5 bxc5 51. b4 cxb4 52. d5 exd5 53. Kf2 c5 54.
Ke2 c4 55. Kd2 b3 56. Kc3 Bb4+ 57. Kb2 Kd3 58. Kb1 f4 59. Kb2 f3 60. Kb1 f2 61.
Kb2 d4 62. Ka1 f1=Q+ 63. Kb2 Qe2+ 64. Ka1 Qa2# 0-1

[Event "*** Titled Tuesday Blitz"]
[Site "Chess.com"]
[Date "2020.10.20"]
[Round "11"]
[White "glebus008"]
[Black "WuinaterJr"]
[Result "1-0"]
[WhiteElo "2365"]
[BlackElo "2519"]
[TimeControl "180+1"]
[EndTime "12:09:20 PDT"]
[Termination "glebus008 won by resignation"]

1. e4 c5 2. Nf3 d6 3. Nc3 a6 4. g3 Nc6 5. Bg2 g6 6. d4 cxd4 7. Nxd4 Bg7 8. Nxc6 bxc6 9. e5 d5 10. Nxd5 Bxe5 11. Ne3 Qxd1+ 12. Nxd1 Bb7 13. O-O Rd8 14.
Ne3 e6 15. Nc4 Bc7 16. Bd2 Ne7 17. Ba5 Bxa5 18. Nxa5 Ba8 19. Rad1 O-O 20. Rfe1 c5 21. Bxa8 Rxa8 22. Rd7 Nd5 23. Nb7 Rac8 24. c4 Nb6 25. Re7 Nxc4 26. Rc1 Nxb2 27. Rxc5 Rxc5 28. Nxc5 Rc8 29.
Nxa6 Nd3 30. Rc7 Ra8 31. Rc6 Ne5 32. Rb6 Nc4 33. Rb8+ Rxb8 34. Nxb8 Kf8 35. Kf1 Ke7 36. Ke2 Kd6 37. h4 Ne5 38. Na6 Kc6 39. Nb4+ Kb5 40.
Nd3 Nc6 41. Ke3 Kc4 42. a4 Kb3 43. Nc5+ Kb4 44. Ne4 Kxa4 45. Ng5 Nd8 46. Nxh7 Kb5 47.
g4 Kc5 48. Kf4 Kd6 49. Kg5 Ke7 50. h5 gxh5 51. gxh5 e5 52. h6 Ne6+ 53. Kf5 Nf4 54.
Ng5 Ng6 55. h7 Kf8 56. Kf6 Nh8 57. f3 Ke8 58. Kg7 Ke7 59. Kxh8 Kf8 60. Ne4 f5 61.
Ng5 e4 62. Nxe4 fxe4 63. fxe4 Kf7 64. e5 Kf8 65. e6 Ke7 66. Kg7 1-0

[Event "*** Titled Tuesday Blitz"]
[Site "Chess.com"]
[Date "2020.10.20"]
[Round "11"]
[White "kidagent"]
[Black "IngOscarArdila"]
[Result "1-0"]
[WhiteElo "2289"]
[BlackElo "2183"]
[TimeControl "180+1"]
[EndTime "12:09:21 PDT"]
[Termination "kidagent won on time"]

1. e4 e5 2. Nf3 Nf6 3. Nc3 Nc6 4. Bb5 Bb4 5. O-O O-O 6. Re1 d6 7. d4 Bxc3 8. bxc3 Qe7 9. d5 Nb8 10. h3 a6 11. Bf1 Nbd7 12. Nh2 Re8 13. c4 b6 14. Bb2 Nc5 15. Bd3 Bd7 16. Qd2 a5 17. Re2 Nh5 18. Re3 Nf4 19. Rg3 h6 20. Rxg7+ Kxg7 21. Qxf4 Kh7 22. Qf3 Rg8 23. Nf1 Rg6 24. Ng3 Rag8 25.
Kh2 Qh4 26. Rg1 f6 27. Bc1 Bg4 28.
Qe3 Bc8 29. Nf5 Bxf5 30. exf5 R6g7 31. g3 Qg5 32. Qf3 e4 33. Bxg5 exf3 34. Bxf6 Rf7 35.
Bd4 Nxd3 36. cxd3 Rxf5 37. g4 Rf4 38. Be3 Rf7 39. Kg3 Re8 40. Bd4 Re2 41. a3 Rd2 42. Re1 Rxd3 43. Bb2 Rb3 44. Bc1 Rc3 45. Bb2 Rxc4 46.
Re6 Rc2 47. Bd4 Rd2 48. Be3 Rxd5 49. Rxh6+ Kg7 50. h4 Rd3 51. Re6 Rxa3 52. h5 Rxe3 53. Rxe3 a4 54. g5 Rf5 55. Kg4 Re5 56. Rxf3 b5 57.
h6+ Kh7 58. Kh5 a3 59. Rf7+ Kg8 60. Rxc7 1-0

[Event "*** Titled Tuesday Blitz"]
[Site "Chess.com"]
[Date "2020.10.20"]
[Round "11"]
[White "catzapto"]
[Black "Mbneu"]
[Result "0-1"]
[WhiteElo "2132"]
[BlackElo "2225"]
[TimeControl "180+1"]
[EndTime "12:09:22 PDT"]
[Termination "Mbneu won by checkmate"]

1. e4 c5 2. Nf3 Nf6 3. e5 Nd5 4. Nc3 Nxc3 5. dxc3 Nc6 6. Bd3 Qc7 7. Bf4 e6 8. O-O h6 9. Bg3 b6 10. Nd2 Nxe5 11. Re1 d6 12. Bb5+ Bd7 13. Bxd7+ Qxd7 14. Bxe5 dxe5 15. Qf3 Rd8 16. Nc4 Qd5 17. Nxe5 Qxf3 18.
Nxf3 Bd6 19. Rad1 Ke7 20. Kf1 Bf4 21. Ke2 Rxd1 22. Rxd1 Rd8 23. Rd3 Rd5 24. g3 Bc7 25. c4 Rd7 26. Rxd7+ Kxd7 27. c3 f5 28. b4 Bd6 29. a3 e5 30. Ne1 e4 31. Nc2 Be5 32. Kd2 g5 33. Ne3 Ke6 34. Nd5 f4 35. Ke2 b5 36.
gxf4 gxf4 37. f3 exf3+ 38. Kxf3 bxc4 39. Ke4 f3 40. Ne3 cxb4 41. cxb4 f2 42. Nf1 c3 43. Kd3 Kd5 44. Ne3+ Kc6 45. Ke2 Kb5 46. Kxf2 Bd4 47.
Ke2 Bxe3 48. Kxe3 Kc4 49. Ke2 Kb3 50. b5 c2 51. b6 axb6 52. Kd2 Kb2 53. a4 c1=Q+ 54.
Kd3 Qc2+ 55. Kd4 Qxa4+ 56. Ke5 b5 57. Kf6 b4 58. h4 b3 59. h5 Kc3 60. Kg6 Qf4 61. Kh7 b2 62. Kg6 b1=Q+ 63. Kg7 Qb7+ 64.
Kh8 Qfb8# 0-1

[Event "*** Titled Tuesday Blitz"]
[Site "Chess.com"]
[Date "2020.10.20"]
[Round "11"]
[White "arminmusovic"]
[Black "Durarbayli"]
[Result "0-1"]
[WhiteElo "2586"]
[BlackElo "2775"]
[TimeControl "180+1"]
[EndTime "12:09:24 PDT"]
[Termination "Durarbayli won by resignation"]

1. a3 Nf6 2. Nc3 d5 3. d3 e5 4. Bg5 d4 5. Ne4 Be7 6. Ng3 c5 7. e4 dxe3 8. fxe3 Nd5 9. Bxe7 Qxe7 10. Qd2 Nc6 11. Nf3 O-O 12. c4 Nc7 13. Be2 f5 14. Qc3 f4 15. exf4 exf4 16. Ne4 Bf5 17. Qc2 Rae8 18. O-O Bxe4 19. dxe4 Qxe4 20. Bd3 Qe7 21. Bxh7+ Kh8 22. Bg6 Rd8 23. Rae1 Qf6 24. Be4 Rde8 25.
Qf2 Ne6 26. Bxc6 bxc6 27. Re5 Re7 28. Rfe1 Rfe8 29. Qh4+ Kg8 30. Qh5 Qf7 31. Qxf7+ Kxf7 32. Rf5+ Kg8 33. Rfe5 Kf7 34. Kf2 Kf6 35. R1e4 g5 36. h4 g4 37. Rxe6+ Rxe6 38. Rxf4+ Ke7 39. Rxg4 Rb8 40.
b4 cxb4 41. axb4 Rxb4 42. Rg7+ Kd6 43. Rxa7 Rb2+ 44. Kg3 Ree2 45. Kf4 Rxg2 46. h5 Rbc2 47. h6 Rxc4+ 48. Ke3 Rc3+ 49. Kd4 Rxf3 50. Ke4 Rh3 51. Rg7 Rxg7 52. hxg7 Rg3 53. Kf5 Rxg7 54. Kf6 Re7 55.
Kg6 c5 56. Kg5 c4 57. Kg4 c3 58. Kg3 c2 0-1

[Event "*** Titled Tuesday Blitz"]
[Site "Chess.com"]
[Date "2020.10.20"]
[Round "11"]
[White "chenxiaoyuer"]
[Black "dopolian"]
[Result "1-0"]
[WhiteElo "2514"]
[BlackElo "2411"]
[TimeControl "180+1"]
[EndTime "12:09:24 PDT"]
[Termination "chenxiaoyuer won on time"]

1. e4 e5 2. Nf3 Nc6 3. Bb5 a6 4. Ba4 Nf6 5. d3 b5 6. Bb3 Bc5 7. O-O O-O 8. c3 d5 9. Qe2 dxe4 10. dxe4 Qe7 11. Bg5 Be6 12. Nbd2 h6 13. Bh4 Rfd8 14. Rad1 Bb6 15. Bg3 Bg4 16. h3 Bh5 17. Bc2 Rd6 18. a4 b4 19. Nc4 Rxd1 20. Rxd1 Bc5 21. a5 Rb8 22. Ba4 Qe6 23. Bxc6 Qxc6 24. Nfxe5 Qxe4 25. Qxe4 Nxe4 26. Rd5 Ba7 27. Nc6 Nxg3 28. Nxb8 Ne2+ 29. Kh2 bxc3 30. bxc3 Nxc3 31. Rd8+ Kh7 32. Nc6 Bc5 33. Rd7 Nb5 34. g3 Bg6 35. f4 Be4 36. N4e5 f6 37.
Ng4 Bxc6 38. Rd8 Bd5 39. Rxd5 Bd6 40. Rd3 Bb4 41. Nf2 Bxa5 42. Kg2 Bb6 43. Ne4 c5 44. Nd6 Bc7 45. Nxb5 axb5 46. Rd5 Bb6 47. Rd6 Ba7 48. Ra6 Bb8 49. Rb6 Bc7 50. Rxb5 Bd6 51. Rb6 Be7 52. Rc6 Kg6 53. Kf3 Kf7 54. Ke4 g6 55.
g4 Ke8 56. Kd5 Kd7 57. Ra6 Ke8 58. Ke6 1-0

[Event "*** Titled Tuesday Blitz"]
[Site "Chess.com"]
[Date "2020.10.20"]
[Round "11"]
[White "poppy73"]
[Black "Pertinhez76"]
[Result "1/2-1/2"]
[WhiteElo "2221"]
[BlackElo "2143"]
[TimeControl "180+1"]
[EndTime "12:09:24 PDT"]
[Termination "Game drawn by repetition"]

1. e4 e6 2. d4 d5 3. Nc3 Nf6 4. Bg5 Bb4 5. e5 h6 6. Bc1 Bxc3+ 7. bxc3 Ne4 8. Qg4 Kf8 9. Ne2 c5 10. f3 Ng5 11. h4 Nh7 12. Ba3 b6 13. dxc5 Kg8 14.
Nd4 Qc7 15. f4 bxc5 16. Nb5 Qa5 17. Bxc5 Nc6 18. a3 a6 19. Bb4 Qb6 20. Nd6 Nxb4 21. cxb4 Qe3+ 22. Be2 Nf8 23. Rh3 Qb6 24. Rg3 Rh7 25.
Bd3 g6 26. h5 Qg1+ 27. Bf1 Rg7 28. Rd1 Bd7 29. Qf3 Bb5 30. Nxb5 axb5 31. Ke2 Rc8 32. hxg6 Nxg6 33. c3 Rc4 34. f5 Re4+ 35. Kd2 Nxe5 36. Rxg7+ Kxg7 37. Qg3+ Kf8 38. f6 Ke8 39. Bxb5+ Kd8 40.
Rxg1 Kc7 41. Qg7 Kb6 42. Qf8 Kxb5 43. Qc5+ Ka6 44. Qa5+ Kb7 45. Qc5 Nc4+ 46. Kc2 Re2+ 47. Kb3 Rb2+ 48. Ka4 Ra2 49. Kb5 Nxa3+ 50. Ka4 Nc4+ 51.
Kb3 Rb2+ 52. Ka4 Ra2+ 53. Kb3 Rb2+ 54. Ka4 Ra2+ 1/2-1/2

[Event "*** Titled Tuesday Blitz"]
[Site "Chess.com"]
[Date "2020.10.20"]
[Round "11"]
[White "VerdeNotte"]
[Black "swimmerchess"]
[Result "0-1"]
[WhiteElo "2865"]
[BlackElo "2806"]
[TimeControl "180+1"]
[EndTime "12:09:25 PDT"]
[Termination "swimmerchess won by resignation"]

1. Nf3 Nf6 2. c4 g6 3. b4 Bg7 4. Bb2 O-O 5. b5 a6 6. a4 axb5 7. axb5 Rxa1 8. Bxa1 c6 9. e3 d5 10. cxd5 cxd5 11. Be2 Bg4 12. O-O Nbd7 13. Ne5 Bxe2 14.
Qxe2 Nxe5 15. Bxe5 Nd7 16. Bxg7 Kxg7 17. Nc3 e6 18. Ra1 Qc7 19. Qg4 Rc8 20. Qd4+ Kg8 21. f4 Nc5 22. Ra3 b6 23. Kf1 Ne4 24. Nxe4 Qc1+ 25.
Ke2 Qxa3 26. Nf6+ Kf8 27. Nxh7+ Ke7 28. Qf6+ Ke8 29. Qh8+ Kd7 30. Qg7 Qe7 31. Ng5 f6 32. Qxe7+ Kxe7 33. Nf3 Rc5 34. Nd4 e5 35. fxe5 fxe5 36. Nf3 Kd6 37. Nxe5 Rxb5 38. Nxg6 Rb1 39. h4 Rh1 40. g4 b5 41. Kd3 b4 42. Kc2 Kc5 43.
h5 Kc4 44. Ne5+ Kb5 45. Kb3 Rb1+ 46. Kc2 Rh1 47. Nd7 Ka4 48. Nb6+ Ka3 49. Nxd5 b3+ 50.
Kd3 b2 51. Nc3 Rc1 52. Kd4 Rxc3 53. dxc3 b1=Q 54. Ke5 Qd3 55. e4 Qxc3+ 56. Kf5 Qf3+ 57. Kg5 Qxe4 58. h6 Qh7 59. Kh5 Kb4 60. g5 Qf5 0-1

[Event "*** Titled Tuesday Blitz"]
[Site "Chess.com"]
[Date "2020.10.20"]
[Round "11"]
[White "UCantHandleDenker"]
[Black "GMaka"]
[Result "1-0"]
[WhiteElo "2525"]
[BlackElo "2372"]
[TimeControl "180+1"]
[EndTime "12:09:29 PDT"]
[Termination "UCantHandleDenker won by resignation"]

1. Nf3 c6 2. g3 d5 3. Bg2 Nf6 4. O-O g6 5. d3 Bg7 6. Nbd2 O-O 7. e4 dxe4 8. dxe4 Bg4 9. h3 Bxf3 10. Qxf3 Nbd7 11. Qe2 e5 12. Re1 Qe7 13. a4 a5 14.
b3 Rfd8 15. Ba3 Nc5 16. Nc4 Nfd7 17. Rad1 b5 18. axb5 cxb5 19. Ne3 b4 20. Nd5 Qf8 21. Bc1 Ne6 22. Be3 Rac8 23. Ra1 Rc5 24. Bxc5 Qxc5 25. Qc4 Nd4 26. Qxc5 Nxc5 27. Rxa5 Nxc2 28. Rb1 Ne6 29. Bf1 Ned4 30. Bc4 Nf3+ 31. Kg2 Nd2 32. Rc1 Nxc4 33. bxc4 Nd4 34. Ra7 Bf8 35. Rb7 Bc5 36. Nf6+ Kg7 37. Nd7 Ne6 38. Nxe5 Bd4 39. Rxf7+ Kg8 40. Re7 Nc5 41.
Nc6 Rd6 42. Nxd4 Rxd4 43. Rc7 Nxe4 44. c5 Rd2 45. Rf1 b3 46. Rc8+ Kg7 47. Rb8 b2 48. c6 Rc2 49. c7 Nd2 50. Rd1 Ne4 51. c8=Q Rxc8 52. Rxc8 1-0

[Event "*** Titled Tuesday Blitz"]
[Site "Chess.com"]
[Date "2020.10.20"]
[Round "11"]
[White "jamalm2"]
[Black "KerryStead"]
[Result "0-1"]
[WhiteElo "1818"]
[BlackElo "2027"]
[TimeControl "180+1"]
[EndTime "12:09:29 PDT"]
[Termination "KerryStead won on time"]

1. e4 e5 2. Nf3 Nc6 3. d4 exd4 4. Bc4 Nf6 5. O-O Bc5 6. Re1 O-O 7. h3 d5 8. exd5 Nxd5 9. c3 Nb6 10. Bb5 dxc3 11.
Nxc3 Qxd1 12. Rxd1 Ne7 13. Ne4 Bd6 14. Nxd6 cxd6 15.
Rxd6 Be6 16. Bg5 Nf5 17. Rd2 h6 18. Bf4 Nd5 19. Bh2 a6 20. Bc4 Rfd8 21. Rad1 Nfe7 22. Bc7 Rd7 23. Ba5 b5 24. Bb3 Nc6 25. Bc3 Rad8 26. Be5 Nxe5 27. Nxe5 Rc7 28. Bxd5 Rxd5 29. Rxd5 Bxd5 30. Rxd5 Rc2 31. Rd8+ Kh7 32. Nxf7 Rxb2 33. h4 Kg6 34. Ne5+ Kf6 35. Ng4+ Ke7 36. Rg8 Kf7 37. Ra8 Rxa2 38. Ra7+ Kg6 39. Ne5+ Kf6 40. f4 g5 41. Rf7+ Ke6 42. hxg5 hxg5 43. Rf8 gxf4 44. Re8+ Kf5 45. Nf3 b4 0-1

[Event "*** Titled Tuesday Blitz"]
[Site "Chess.com"]
[Date "2020.10.20"]
[Round "11"]
[White "anon481216"]
[Black "Grineva_Marianna"]
[Result "1-0"]
[WhiteElo "2405"]
[BlackElo "2256"]
[TimeControl "180+1"]
[EndTime "12:09:30 PDT"]
[Termination "anon481216 won by checkmate"]

1. d4 f5 2. e4 fxe4 3. Nc3 Nf6 4. Bg5 Nc6 5. d5 Ne5 6. Qe2 Nf7 7. Bxf6 exf6 8. Nxe4 Qe7 9. d6 cxd6 10. O-O-O d5 11.
Rxd5 g6 12. Nf3 Bh6+ 13. Kb1 O-O 14. Nc3 Re8 15. Qxe7 Rxe7 16. Bc4 Kg7 17. Rhd1 d6 18. Nd4 a6 19. Bb3 Bd7 20. g3 Rae8 21. f4 Bg4 22. Rc1 Re1 23. a3 Rxc1+ 24. Kxc1 Re1+ 25. Kd2 Rh1 26. h4 Rh2+ 27. Nde2 Rg2 28. Rd3 Bf5 29. Re3 Kf8 30. Ne4 g5 31. Nxf6 gxf4 32. Re8+ Kg7 33.
Nh5+ Kg6 34. Nxf4+ Bxf4+ 35. gxf4 Bg4 36. Bd5 Bxe2 37.
Bxg2 Bh5 38. Bxb7 Kf5 39. Bxa6 Kxf4 40. a4 Kg3 41. Re4 Ne5 42. Bc8 Bg6 43. Rd4 Nf3+ 44. Ke3 Nxd4 45. Kxd4 Bxc2 46. a5 Bd1 47. a6 Bf3 48. Bb7 Bg4 49. a7 Kxh4 50. a8=Q Kg3 51. Qb8 h5 52. Qxd6+ Kf2 53. Qf4+ Ke2 54. b4 Kd1 55.
Be4 Ke2 56. b5 Ke1 57. b6 Be2 58. b7 Bf1 59. b8=Q Ke2 60. Qb2+ Ke1 61. Qfd2# 1-0

[Event "*** Titled Tuesday Blitz"]
[Site "Chess.com"]
[Date "2020.10.20"]
[Round "11"]
[White "Xeniya2005"]
[Black "ViktoriyaTarasova"]
[Result "1-0"]
[WhiteElo "2389"]
[BlackElo "2253"]
[TimeControl "180+1"]
[EndTime "12:09:32 PDT"]
[Termination "Xeniya2005 won by checkmate"]

1. e4 e5 2. Nf3 Nc6 3. Nc3 Nf6 4. Bb5 Bc5 5. O-O O-O 6. Nxe5 Nxe5 7. d4 Bd6 8. f4 Neg4 9. e5 Be7 10. f5 d6 11.
exf6 Nxf6 12. Qf3 d5 13. Bd2 c6 14. Bd3 Re8 15. Rae1 h6 16. Kh1 Bd7 17. Qh3 Nh7 18. Qg3 Bh4 19. Rxe8+ Bxe8 20. Qg4 Bg5 21. Bxg5 Qxg5 22. Qf3 Bd7 23. Ne2 Re8 24. a4 Qe3 25.
Qxe3 Rxe3 26. Kg1 Nf6 27. h3 Re8 28. g4 Kf8 29. Ng3 Ke7 30. Kf2 Kd6 31. Kf3 b6 32. h4 c5 33. c3 Bc6 34. g5 hxg5 35.
hxg5 Nd7 36. Nh5 Rg8 37. Nf4 Bxa4 38. Ra1 Bc6 39. Rxa7 Rh8 40. Ra1 Rh2 41. Be2 Rh8 42. Kg3 Re8 43. Bd3 Rh8 44. Re1 Ra8 45. Rh1 Ra2 46.
Rh2 Ke7 47. Re2+ Kf8 48. g6 c4 49. Bb1 Ra1 50. Bc2 Ra2 51. gxf7 Kxf7 52. Ne6 Kf6 53. Nd8 Ba8 54. Re6+ Kg5 55. Rg6+ Kh5 56. Bd1# 1-0

[Event "*** Titled Tuesday Blitz"]
[Site "Chess.com"]
[Date "2020.10.20"]
[Round "11"]
[White "Kildepiotr"]
[Black "szachuspl"]
[Result "0-1"]
[WhiteElo "2652"]
[BlackElo "2547"]
[TimeControl "180+1"]
[EndTime "12:09:33 PDT"]
[Termination "szachuspl won on time"]

1. Nf3 Nf6 2. g3 g6 3. Bg2 Bg7 4. O-O O-O 5. d4 d6 6. Nbd2 Nc6 7. e4 e5 8. dxe5 Nxe5 9. Nxe5 dxe5 10. Qe2 Qe7 11.
Nc4 Re8 12. b3 b5 13. Ne3 c6 14. a4 b4 15. Bb2 a5 16. Rfd1 Ba6 17. Qe1 Bh6 18. Bf1 Bc8 19. Nc4 Bg4 20. Be2 Be6 21. Nxe5 Nxe4 22. Bf3 Nc3 23. Bxc3 bxc3 24. Bxc6 Qc5 25.
Bxa8 Rxa8 26. Nd3 Qc6 27. Qe5 Bh3 28. Nf4 Bxf4 29. Qd5 Qxd5 30. Rxd5 Bd2 31. Rb5 Bf5 32. Ra2 Bh3 33. b4 Re8 34. Ra1 axb4 35. a5 Bf5 36. a6 Bxc2 37. a7 Be4 38. Rxb4 c2 39. Rxe4 Rc8 40.
Rc4 Rxc4 41. a8=Q+ Kg7 42. Qd5 c1=Q+ 43. Rxc1 Rxc1+ 44. Kg2 Bc3 45. h4 h5 46. Kf3 Bf6 47. Qa5 Rc3+ 48. Kg2 Rc2 49. Qa4 Rb2 50. Kf3 Rd2 51. Ke3 Rb2 52. f3 Rb6 53. g4 Re6+ 54. Kf4 Be5+ 55. Ke4 Bf6+ 56. Kd3 hxg4 57. Qxg4 Re5 0-1

[Event "*** Titled Tuesday Blitz"]
[Site "Chess.com"]
[Date "2020.10.20"]
[Round "11"]
[White "AntonovaNadezhda"]
[Black "Matols"]
[Result "1-0"]
[WhiteElo "2116"]
[BlackElo "2245"]
[TimeControl "180+1"]
[EndTime "12:09:34 PDT"]
[Termination "AntonovaNadezhda won by resignation"]

1. Nf3 Nf6 2. d4 e6 3. e3 b6 4.
Nbd2 Bb7 5. Bd3 d5 6. c3 Be7 7. O-O O-O 8. Qe2 Nbd7 9. e4 dxe4 10. Nxe4 Nxe4 11. Bxe4 Bxe4 12. Qxe4 Nf6 13. Qe2 c5 14. Bf4 cxd4 15. Nxd4 Qd5 16. Nf3 Rfd8 17. Rfd1 Qe4 18. Qxe4 Nxe4 19. Bc7 Rdc8 20. Bg3 Rd8 21. Bc7 Rdc8 22.
Bg3 Nxg3 23. hxg3 Rd8 24. Kf1 Kf8 25. Ke2 Ke8 26. Ne5 Bc5 27. Nc6 Rdc8 28. Ne5 f6 29.
Nc4 Rd8 30. b4 Be7 31. Ne3 Rac8 32. Rxd8+ Bxd8 33. c4 Be7 34. Rb1 Kd7 35. Kd3 Kc6 36. Nc2 Rd8+ 37. Nd4+ Kb7 38. Ke4 e5 39. Nf3 Kc6 40. a3 g6 41. g4 Bf8 42. Rb3 Rd7 43.
Rb2 Bh6 44. Rb1 Bf8 45. g5 fxg5 46. Nxe5+ Kc7 47. Nxd7 Kxd7 48. Rd1+ Ke6 49. Rd8 Be7 50.
Re8 Kd7 51. Ra8 a5 52. Kd5 axb4 53. Ra7+ Kd8 54. Ra8+ Kd7 55. Ra7+ Kd8 56. Ke6 bxa3 57.
Rxe7 a2 58. Ra7 1-0

[Event "*** Titled Tuesday Blitz"]
[Site "Chess.com"]
[Date "2020.10.20"]
[Round "11"]
[White "night_player"]
[Black "MVM2008"]
[Result "1/2-1/2"]
[WhiteElo "2236"]
[BlackElo "2148"]
[TimeControl "180+1"]
[EndTime "12:09:34 PDT"]
[Termination "Game drawn by repetition"]

1. e4 c5 2. c3 d6 3. d4 cxd4 4. cxd4 g6 5. Nf3 Bg7 6. Nc3 Nf6 7. Bc4 O-O 8. O-O Nxe4 9. Nxe4 d5 10. Bd3 dxe4 11.
Bxe4 Nc6 12. Be3 Bg4 13. h3 Bxf3 14. Qxf3 Nxd4 15. Bxd4 Bxd4 16. Bxb7 Bxb2 17. Rad1 Qb8 18. Bxa8 Qxa8 19. Qxa8 Rxa8 20. Rd7 Bf6 21. Rfd1 a5 22. Rd8+ Rxd8 23. Rxd8+ Kg7 24. Rc8 e6 25. a4 Be7 26. Kf1 Bb4 27. Ke2 Kf6 28. Kd3 Ke5 29. Kc4 f5 30. Rh8 h5 31. Rg8 Kf6 32. Kd4 Kf7 33. Ra8 Kf6 34. f3 Kg5 35. Ra6 Kf6 36. Ra8 Kg5 37. Ke5 Bc3+ 38. Kxe6 Kh4 39. Rc8 Bb4 40. Kf6 Kg3 41. Rc2 f4 42. Kxg6 h4 43.
Kf5 Be1 44. Ke4 Bb4 45. Rc8 Kxg2 46. Kxf4 Kxh3 47. Rh8 Be7 48. Rh7 Bd8 49. Ke5 Kg2 50.
f4 h3 51. f5 h2 52. Rg7+ Kh3 53. f6 h1=Q 54. Rh7+ Kg2 55. Rxh1 Kxh1 56. Ke6 Bb6 57. f7 Bc5 58. Kd7 Kg2 59. Ke8 Kf3 60. f8=Q+ Bxf8 61. Kxf8 Ke4 62. Ke7 Kd5 63. Kf6 Kc5 64. Ke5 Kb4 65. Kd4 Kxa4 66. Kc3 Ka3 67. Kc2 Ka4 68. Kb2 Kb4 69. Ka1 a4 70. Kb1 Kb3 71. Ka1 Ka3 72. Kb1 Kb4 73. Ka1 Kb5 74. Kb1 Kc5 75.
Ka1 Kd5 76. Ka2 Kc4 77. Kb1 Kb3 78. Ka1 Ka3 79. Kb1 Kb3 1/2-1/2

[Event "*** Titled Tuesday Blitz"]
[Site "Chess.com"]
[Date "2020.10.20"]
[Round "11"]
[White "Zmeeed63"]
[Black "Flawless_Fighter"]
[Result "1-0"]
[WhiteElo "2401"]
[BlackElo "2566"]
[TimeControl "180+1"]
[EndTime "12:09:36 PDT"]
[Termination "Zmeeed63 won by checkmate"]

1. d4 Nf6 2. c4 e6 3. Nc3 Bb4 4. f3 c5 5. d5 exd5 6. cxd5 O-O 7. e4 Nxe4 8. fxe4 Qh4+ 9. Ke2 Bxc3 10. bxc3 Qxe4+ 11.
Kf2 d6 12. Nf3 Bf5 13. Be2 Nd7 14. Re1 Nf6 15. c4 b5 16. cxb5 Rfe8 17. Bg5 Ng4+ 18. Kg1 h6 19. Bf1 Qb4 20. Be7 c4 21. Qd4 Rac8 22. h3 Ne5 23. Nxe5 Rxe7 24. Nc6 Qxe1 25. Rxe1 Rxe1 26. Qf2 Ree8 27. Qxf5 Rc7 28. Bxc4 g6 29. Qf4 Kg7 30. Qxd6 Rcc8 31. a4 Re1+ 32. Kh2 Rce8 33. a5 Rc1 34. Qc5 Re4 35. Qxa7 Rexc4 36. d6 Rd1 37. d7 Rcc1 38. d8=Q Rh1+ 39. Kg3 Rc3+ 40.
Kf2 Rc2+ 41. Kf3 Rf1+ 42. Ke3 Rc3+ 43. Qd3 Rxd3+ 44. Kxd3 Rf6 45. Nd4 Rd6 46. b6 Rd8 47. b7 Re8 48. b8=Q Re1 49. Qb3 Rd1+ 50. Kc2 h5 51. Qbxf7+ Kh6 52. Qh7+ Kg5 53. Kxd1 Kf4 54. Qaf7+ Ke3 55. Qhxg6 Kxd4 56. Qge6 Kc3 57. Qfd7 Kb4 58. Qec6 Ka3 59. a6 Ka2 60. Qdb7 Ka1 61. a7 Ka2 62.
Qca6# 1-0

[Event "*** Titled Tuesday Blitz"]
[Site "Chess.com"]
[Date "2020.10.20"]
[Round "11"]
[White "ChainsOfFantasia"]
[Black "Loy_Konstantin"]
[Result "0-1"]
[WhiteElo "2467"]
[BlackElo "2376"]
[TimeControl "180+1"]
[EndTime "12:09:37 PDT"]
[Termination "Loy_Konstantin won on time"]

1. c4 c5 2. Nf3 Nf6 3. Nc3 Nc6 4. e3 d5 5. d4 cxd4 6. exd4 dxc4 7. d5 Nb8 8. Bxc4 g6 9. Bf4 Bg7 10. O-O O-O 11.
Re1 Bg4 12. h3 Bxf3 13. Qxf3 Nbd7 14. Rac1 Nb6 15. Bb3 Qd7 16. a4 Rac8 17. Rcd1 Nc4 18. Bxc4 Rxc4 19. d6 exd6 20. Bxd6 Re8 21. Be5 Qc6 22.
Bxf6 Rxe1+ 23. Rxe1 Bxf6 24. Nd5 Kg7 25. Nxf6 Qxf6 26. Qxb7 Rc2 27. Qxa7 Rxb2 28. a5 Ra2 29. Qc5 Qf5 30. Qxf5 gxf5 31. Re5 Kf6 32. Rb5 f4 33. h4 Ra1+ 34. Kh2 Ra2 35. f3 Kg6 36. Kh3 h5 37.
Rg5+ Kh6 38. Rf5 Kg6 39. Rg5+ Kh6 40. Rc5 Kg6 41. Rc6+ f6 42. a6 Ra1 43. g3 Ra3 44. Kg2 Ra2+ 45. Kh3 Ra3 46. gxf4 Rxf3+ 47. Kg2 Rxf4 48.
a7 Ra4 49. Rc7 Kf5 50. Kg3 Ra3+ 51. Kf2 Kf4 52. Rc4+ Kf5 53. Rc5+ Kg4 54. Rc4+ Kf5 55. Rc7 Ra2+ 56. Ke3 Ra3+ 57. Kd4 Kg4 58. Kc5 f5 59. Kb6 Kxh4 60. Kb5 f4 0-1